[ PARTIDA AOE2 · #457979882 ]
1v1 RMMongoles vs Magyars
Equipo del jugador · VICT
Equipo rival · DERR
[ ANÁLISIS DE REPETICIÓN · EXTRAÍDO DE LA PARTIDA GRABADA ]
Feudal
9:21
Castillos
23:38
Imperial
41:02
| APM promedio | 47.9 |
| APM pico | 116 |
| eAPM promedio | 18.9 |
| Aldeanos / militares | 95 / 195 |
Foco
⚔️ 38.9% · 🌾 61.1%
Camel Scout ×76 · Skirmisher ×60 · Mangudai ×26 · Scout Cavalry ×15 · Archer ×12 · Trebuchet (Packed) ×3
Feudal
10:19
Castillos
22:33
Imperial
43:43
| APM promedio | 26.6 |
| APM pico | 79 |
| eAPM promedio | 13.7 |
| Aldeanos / militares | 153 / 270 |
Foco
⚔️ 31.0% · 🌾 69.0%
Cavalry Archer ×107 · Skirmisher ×77 · Knight ×71 · Scout Cavalry ×13 · Archer ×1 · Trade Cart ×1
Mapa de la partida
Recursos iniciales + cada clic de construcción. Líneas = muros · curvas = relieve. ◆ oro · ⬟ piedra · ● bayas · ✦ reliquia · ◌ hueco del cierre
Tu base· Abierta — hueco de 1t
Base de jplopez85· Abierta — hueco de 7t
Terreno inicial suavizado · ◌ = hueco del cierre detectado · pasá el cursor para detalles
Inputs por minuto
— DA1MON - - jplopez85
Build order — DA1MON
Primeras 150 de 419 acciones detectadas
| 0:00 | Crear | Villager (Male) |
| 0:01 | Crear | Villager (Male) |
| 0:01 | Crear | Villager (Male) |
| 0:01 | Crear | Villager (Male) |
| 0:02 | Construir | House |
| 0:04 | Construir | House |
| 1:41 | Crear | Villager (Male) |
| 2:01 | Crear | Villager (Male) |
| 2:17 | Crear | Villager (Male) |
| 2:47 | Crear | Villager (Male) |
| 3:10 | Crear | Villager (Male) |
| 4:05 | Crear | Villager (Male) |
| 4:06 | Crear | Villager (Male) |
| 4:37 | Crear | Villager (Male) |
| 4:37 | Crear | Villager (Male) |
| 4:40 | Construir | House |
| 4:51 | Construir | Lumber Camp |
| 5:29 | Construir | Mill |
| 5:55 | Crear | Villager (Male) |
| 5:57 | Crear | Villager (Male) |
| 6:26 | Crear | Villager (Male) |
| 6:30 | Construir | House |
| 6:37 | Construir | Palisade Gate |
| 6:39 | Construir | Palisade Wall |
| 7:11 | Investigar | Feudal Age |
| 7:20 | Construir | Mining Camp |
| 7:23 | Investigar | Loom |
| 8:32 | Construir | House |
| 8:34 | Construir | Palisade Wall |
| 9:00 | Construir | House |
| 9:15 | Construir | Barracks |
| 9:21 | Edad | Edad Feudal |
| 9:22 | Investigar | Double-Bit Axe |
| 9:30 | Crear | Villager (Male) |
| 9:34 | Crear | Villager (Male) |
| 10:10 | Construir | Blacksmith |
| 10:14 | Crear | Villager (Male) |
| 10:29 | Construir | House |
| 11:03 | Crear | Villager (Male) |
| 11:10 | Construir | House |
| 11:11 | Construir | House |
| 11:14 | Crear | Villager (Male) |
| 11:23 | Construir | Archery Range |
| 11:30 | Investigar | Fletching |
| 11:32 | Crear | Villager (Male) |
| 11:56 | Construir | House |
| 12:02 | Construir | House |
| 12:07 | Construir | House |
| 12:12 | Crear | Villager (Male) |
| 12:15 | Crear | Archer |
| 12:16 | Crear | Archer |
| 12:28 | Crear | Villager (Male) |
| 12:39 | Crear | Spearman |
| 12:45 | Construir | Gate |
| 12:49 | Construir | House |
| 13:02 | Construir | House |
| 13:04 | Construir | House |
| 13:10 | Construir | House |
| 13:13 | Construir | House |
| 13:17 | Construir | House |
| 13:22 | Construir | Palisade Wall |
| 13:38 | Construir | Farm |
| 13:39 | Construir | Farm |
| 13:40 | Crear | Villager (Male) |
| 13:46 | Crear | Archer |
| 14:00 | Crear | Archer |
| 14:04 | Construir | House |
| 14:08 | Construir | Farm |
| 14:09 | Crear | Villager (Male) |
| 14:11 | Crear | Villager (Male) |
| 14:36 | Construir | Farm |
| 14:36 | Crear | Villager (Male) |
| 14:47 | Construir | Market |
| 15:01 | Crear | Archer |
| 15:04 | Construir | Farm |
| 15:14 | Construir | Lumber Camp |
| 15:41 | Construir | Gate |
| 15:47 | Construir | Farm |
| 15:48 | Crear | Villager (Male) |
| 15:55 | Crear | Villager (Male) |
| 15:57 | Crear | Archer |
| 16:12 | Investigar | Horse Collar |
| 16:19 | Construir | Farm |
| 16:36 | Crear | Villager (Male) |
| 16:39 | Construir | Farm |
| 16:44 | Crear | Archer |
| 16:52 | Crear | Archer |
| 16:56 | Construir | Archery Range |
| 17:00 | Crear | Villager (Male) |
| 17:06 | Construir | Farm |
| 17:52 | Construir | Stable |
| 17:55 | Construir | Farm |
| 18:11 | Crear | Villager (Male) |
| 18:33 | Crear | Villager (Male) |
| 18:40 | Construir | Farm |
| 19:03 | Crear | Scout Cavalry |
| 19:03 | Investigar | Bloodlines |
| 19:06 | Construir | Farm |
| 19:07 | Investigar | Forging |
| 19:33 | Crear | Scout Cavalry |
| 20:33 | Crear | Villager (Male) |
| 20:38 | Investigar | Castle Age |
| 21:18 | Investigar | Wheelbarrow |
| 21:29 | Investigar | Wheelbarrow |
| 21:34 | Construir | Lumber Camp |
| 21:37 | Crear | Archer |
| 21:39 | Crear | Archer |
| 22:18 | Investigar | Gold Mining |
| 22:21 | Investigar | Town Watch |
| 22:51 | Investigar | Padded Archer Armor |
| 23:13 | Crear | Archer |
| 23:27 | Construir | Stable |
| 23:31 | Construir | Stable |
| 23:38 | Edad | Edad de los Castillos |
| 23:43 | Construir | Town Center |
| 23:52 | Crear | Villager (Male) |
| 24:06 | Construir | Town Center |
| 24:09 | Crear | Villager (Male) |
| 24:10 | Crear | Villager (Male) |
| 24:28 | Investigar | Crossbowman (upgrade) |
| 24:36 | Construir | Farm |
| 24:50 | Crear | Villager (Male) |
| 24:56 | Crear | Villager (Male) |
| 25:20 | Crear | Villager (Male) |
| 25:35 | Crear | Camel Scout |
| 25:40 | Crear | Villager (Male) |
| 25:59 | Construir | Farm |
| 26:23 | Construir | Siege Workshop |
| 26:25 | Crear | Camel Scout |
| 26:25 | Crear | Camel Scout |
| 26:32 | Crear | Camel Scout |
| 26:52 | Construir | House |
| 27:07 | Crear | Camel Scout |
| 27:38 | Investigar | Scale Barding Armor |
| 28:07 | Investigar | Husbandry |
| 28:07 | Crear | Camel Scout |
| 28:08 | Crear | Camel Scout |
| 28:18 | Crear | Villager (Male) |
| 28:18 | Crear | Villager (Male) |
| 28:22 | Crear | Villager (Male) |
| 28:22 | Crear | Villager (Male) |
| 28:28 | Construir | Mining Camp |
| 28:39 | Crear | Villager (Male) |
| 29:16 | Construir | Farm |
| 29:16 | Construir | Farm |
| 29:16 | Construir | Farm |
| 29:17 | Investigar | Heavy Plow |
| 29:25 | Investigar | Bow Saw |
| 29:29 | Crear | Camel Scout |
| 29:37 | Construir | Monastery |
Build order — jplopez85
Primeras 150 de 379 acciones detectadas
| 0:03 | Crear | Villager (Male) |
| 0:03 | Crear | Villager (Male) |
| 0:03 | Crear | Villager (Male) |
| 0:04 | Crear | Villager (Male) |
| 0:04 | Crear | Villager (Male) |
| 0:06 | Construir | House |
| 0:08 | Construir | House |
| 1:31 | Crear | Villager (Male) |
| 1:32 | Crear | Villager (Male) |
| 1:51 | Construir | Lumber Camp |
| 2:06 | Crear | Villager (Male) |
| 2:07 | Crear | Villager (Male) |
| 2:42 | Crear | Villager (Male) |
| 2:42 | Crear | Villager (Male) |
| 3:04 | Crear | Villager (Male) |
| 3:04 | Crear | Villager (Male) |
| 3:27 | Crear | Villager (Male) |
| 3:27 | Crear | Villager (Male) |
| 3:42 | Construir | House |
| 3:59 | Crear | Villager (Male) |
| 3:59 | Crear | Villager (Male) |
| 4:11 | Crear | Villager (Male) |
| 4:11 | Crear | Villager (Male) |
| 5:01 | Crear | Villager (Male) |
| 5:02 | Crear | Villager (Male) |
| 5:02 | Crear | Villager (Male) |
| 5:34 | Crear | Villager (Male) |
| 5:35 | Crear | Villager (Male) |
| 6:19 | Crear | Villager (Male) |
| 6:20 | Crear | Villager (Male) |
| 6:20 | Crear | Villager (Male) |
| 6:20 | Crear | Villager (Male) |
| 6:20 | Crear | Villager (Male) |
| 6:35 | Investigar | Loom |
| 7:35 | Construir | Mill |
| 7:59 | Construir | Mill |
| 8:09 | Investigar | Feudal Age |
| 8:09 | Investigar | Feudal Age |
| 8:44 | Construir | Barracks |
| 8:49 | Construir | House |
| 9:00 | Construir | House |
| 9:02 | Construir | House |
| 9:35 | Crear | Villager (Male) |
| 9:36 | Crear | Villager (Male) |
| 10:19 | Edad | Edad Feudal |
| 10:29 | Construir | Archery Range |
| 10:39 | Construir | Stable |
| 10:52 | Investigar | Double-Bit Axe |
| 11:03 | Construir | Palisade Wall |
| 11:11 | Investigar | Horse Collar |
| 11:12 | Crear | Villager (Male) |
| 11:13 | Crear | Villager (Male) |
| 11:13 | Crear | Villager (Male) |
| 11:31 | Crear | Scout Cavalry ×2 |
| 11:57 | Crear | Villager (Male) |
| 11:57 | Crear | Villager (Male) |
| 12:00 | Crear | Villager (Male) |
| 12:32 | Crear | Villager (Male) |
| 12:32 | Crear | Villager (Male) |
| 13:35 | Crear | Villager (Male) |
| 13:36 | Crear | Villager (Male) |
| 13:36 | Crear | Villager (Male) |
| 13:44 | Crear | Villager (Male) |
| 13:44 | Crear | Villager (Male) |
| 13:51 | Construir | Farm |
| 13:51 | Construir | Farm |
| 13:52 | Construir | Farm |
| 13:53 | Construir | Farm |
| 13:53 | Construir | Farm |
| 13:54 | Construir | Farm |
| 14:05 | Crear | Scout Cavalry |
| 14:15 | Construir | Archery Range |
| 14:30 | Crear | Villager (Male) |
| 14:44 | Construir | Mining Camp |
| 15:15 | Construir | Lumber Camp |
| 15:51 | Construir | Market |
| 15:55 | Crear | Archer |
| 16:13 | Crear | Villager (Male) |
| 16:20 | Investigar | Town Watch |
| 16:27 | Construir | House |
| 16:28 | Construir | House |
| 16:30 | Construir | House |
| 16:43 | Construir | House |
| 16:44 | Construir | House |
| 16:45 | Construir | House |
| 17:19 | Crear | Villager (Male) |
| 17:20 | Crear | Villager (Male) |
| 17:20 | Crear | Villager (Male) |
| 17:54 | Crear | Skirmisher ×5 |
| 18:05 | Construir | Farm |
| 18:06 | Construir | Farm |
| 18:06 | Construir | Farm |
| 18:08 | Construir | Farm |
| 18:24 | Construir | Farm |
| 18:35 | Construir | Palisade Wall |
| 18:38 | Construir | Palisade Wall |
| 18:41 | Construir | Palisade Wall |
| 18:58 | Construir | Palisade Gate |
| 19:53 | Investigar | Castle Age |
| 20:12 | Construir | Blacksmith |
| 20:25 | Construir | Farm |
| 20:41 | Construir | Farm |
| 20:42 | Construir | Farm |
| 20:42 | Construir | Farm |
| 20:43 | Construir | Farm |
| 20:58 | Investigar | Wheelbarrow |
| 21:15 | Construir | Farm |
| 21:15 | Construir | Farm |
| 21:16 | Construir | Farm |
| 21:20 | Investigar | Fletching |
| 21:31 | Construir | Palisade Gate |
| 21:38 | Crear | Skirmisher ×5 |
| 21:38 | Crear | Skirmisher ×5 |
| 22:33 | Edad | Edad de los Castillos |
| 22:39 | Construir | Town Center |
| 23:12 | Crear | Knight ×5 |
| 23:31 | Investigar | Bodkin Arrow |
| 23:32 | Investigar | Padded Archer Armor |
| 24:09 | Construir | Palisade Wall |
| 24:18 | Investigar | Elite Skirmisher (upgrade) |
| 24:29 | Crear | Villager (Male) |
| 24:29 | Crear | Villager (Male) |
| 24:30 | Crear | Villager (Male) |
| 24:37 | Crear | Villager (Male) |
| 24:37 | Crear | Villager (Male) |
| 24:59 | Construir | Town Center |
| 25:25 | Crear | Villager (Male) |
| 25:25 | Crear | Villager (Male) |
| 25:25 | Crear | Villager (Male) |
| 25:36 | Investigar | Husbandry |
| 26:17 | Crear | Villager (Male) |
| 26:17 | Crear | Villager (Male) |
| 26:17 | Crear | Villager (Male) |
| 26:17 | Crear | Villager (Male) |
| 26:18 | Crear | Villager (Male) |
| 26:18 | Crear | Villager (Male) |
| 26:18 | Crear | Villager (Male) |
| 26:18 | Crear | Villager (Male) |
| 26:19 | Crear | Villager (Male) |
| 26:19 | Crear | Villager (Male) |
| 26:19 | Crear | Villager (Male) |
| 27:02 | Investigar | Bloodlines |
| 28:42 | Crear | Villager (Male) |
| 28:43 | Investigar | Hand Cart |
| 28:44 | Investigar | Town Patrol |
| 29:22 | Crear | Villager (Male) |
| 29:22 | Crear | Villager (Male) |
| 29:22 | Crear | Villager (Male) |
| 29:23 | Crear | Villager (Male) |
| 29:23 | Crear | Villager (Male) |
Cronología de la partida
| 6:39 | DA1MON · wall_segment Palisade Wall x6 |
| 8:34 | DA1MON · wall_segment Palisade Wall x5 |
| 8:44 | jplopez85 · first_building Barracks |
| 9:15 | DA1MON · first_building Barracks |
| 9:21 | DA1MON · age_up feudal |
| 10:19 | jplopez85 · age_up feudal |
| 10:29 | jplopez85 · first_building Archery Range |
| 10:39 | jplopez85 · first_building Stable |
| 11:03 | jplopez85 · wall_segment Palisade Wall x9 |
| 11:23 | DA1MON · first_building Archery Range |
| 13:22 | DA1MON · wall_segment Palisade Wall x1 |
| 17:26 | jplopez85 · first_market_sell 100 wood |
| 17:52 | DA1MON · first_building Stable |
| 18:00 | DA1MON · first_market_buy 100 food |
| 18:04 | DA1MON · first_market_sell 100 wood |
| 18:15 | jplopez85 · first_market_buy 100 food |
| 18:35 | jplopez85 · wall_segment Palisade Wall x9 |
| 18:38 | jplopez85 · wall_segment Palisade Wall x2 |
| 18:41 | jplopez85 · wall_segment Palisade Wall x3 |
| 22:33 | jplopez85 · age_up castle |
| 23:38 | DA1MON · age_up castle |
| 24:09 | jplopez85 · wall_segment Palisade Wall x1 |
| 26:23 | DA1MON · first_building Siege Workshop |
| 29:37 | DA1MON · first_building Monastery |
| 30:26 | jplopez85 · wall_segment Palisade Wall x8 |
| 36:29 | jplopez85 · first_building Castle |
| 36:58 | jplopez85 · first_building Monastery |
| 37:37 | DA1MON · first_building Castle |
| 41:02 | DA1MON · age_up imperial |
| 43:43 | jplopez85 · age_up imperial |
| 54:03 | jplopez85 · resign |
[ ANÁLISIS IA · 1 CRÉDITO ]
¿Qué pasó realmente en esta partida?
Wolo.gg analiza cada decisión: build order, eco, micro, errores típicos por bracket. Análisis personalizado por WhatsApp o Discord en 30 segundos.
Guía civ
Mongoles
Guía mapa
Arabia
Perfil
Jugador #341665